 Dungeon Crawl Stone Soup version 0.31-a0-1163-gcee99d1eea (webtiles) character file.

Game seed: 8166473320691448694

8 Anonymone the Stinger (level 2, -5/19 HPs)
             Began as a Demonspawn Venom Mage on Dec 9, 2023.
             Slain by a river rat (7 damage)
             ... on level 3 of the Dungeon.
             The game lasted 00:02:04 (194 turns).

Anonymone the Stinger (Demonspawn Venom Mage)        Turns: 194, Time: 00:02:04

Health: -5/19      AC:  2    Str:  8    XL:     2   Next: 0%
Magic:  1/5        EV: 12    Int: 15    God:
Gold:   16         SH:  0    Dex: 13    Spells: 4/5 levels left

rFire   . . .        (no weapon)
rCold   . . .        (no shield)
rNeg    . . .        a - +0 robe
rPois   .            (no helmet)
rElec   .            (no cloak)
rCorr   .            (no gloves)
SInv    .            (no boots)
Will    .....        (no amulet)
Stlth   ++           (no ring)
HPRegen 0.23/turn    (no ring)
MPRegen 0.09/turn

%: no passive effects
@: no status effects
A: powered by death 1
a: no special abilities


You were on level 3 of the Dungeon.
You visited 1 branch of the dungeon, and saw 3 of its levels.

You collected 16 gold pieces.

Inventory:

Hand Weapons
 b - a +0 club
Armour
 a - a +0 robe (worn)


   Skills:
 - Level 1.7 Dodging
 - Level 1.7 Stealth
 + Level 2.3 Spellcasting
 - Level 0.8 Transmutations
 + Level 3.3 Poison Magic


You had 4 spell levels left.
You knew the following spells:

 Your Spells              Type           Power      Damage    Failure   Level
a - Sting                 Tmut/Pois      28%        1d4       10%         1

Your spell library contained the following spells:

 Spells                   Type           Power      Damage    Failure   Level
 Poisonous Vapours        Pois/Air       12%        N/A       17%         2
 Mephitic Cloud           Conj/Pois/Air  5%         N/A       38%         3
 Olgreb's Toxic Radiance  Pois           11%        N/A       50%         4


Dungeon Overview and Level Annotations

Branches:
Dungeon (2/15)

Altars:
Ashenzari

Portals:
Sewer: D:3


Innate Abilities, Weirdness & Mutations

You regenerate a little health from kills.


Message History

The river rat bites you.
The river rat attacks as it pursues you!
The river rat misses you. The river rat bites you.
The river rat looks more healthy.
The river rat attacks as it pursues you!
The river rat barely misses you. The river rat bites you!
The river rat attacks as it pursues you!
The river rat barely misses you.
A bat comes into view.
The river rat attacks as it pursues you!
The river rat barely misses you.
The river rat bites you but does no damage.
You are too injured to fight recklessly!
The river rat attacks as it pursues you!
The river rat barely misses you.
A jackal comes into view.
Found a club.
You hear the slow rusting of a drain very nearby.
A rat comes into view.
The river rat attacks as it pursues you!
The river rat completely misses you.
The rat squeaks loudly.
You see here a +0 club.
b - a +0 club The river rat barely misses you.
The rat bites you. The river rat bites you.
* * * LOW HITPOINT WARNING * * *
The rat bites you.
* * * LOW HITPOINT WARNING * * *
You are too injured to fight recklessly!
Casting: Sting (safe; 10% risk of failure)
Confirm with . or Enter, or press ? or * to list all spells.
Aiming: Sting (safe; 10% risk of failure)
Press: ? - help, Shift-Dir - straight line, f/p - river rat
Aim: a river rat (64% to hit)
The sting hits the river rat but does no damage.
The river rat is poisoned.
The river rat bites you!
You die...

..#+.#. #..#.#####B## S
..####....# #...###### ..
#.......# ##.#..†...# #..
#..##B#####..####.#..#
#.##.S# ##......†....#
...#..## #............#
######.#####.#...~~~....#
..........##.....~~~~~...#
b........B.#.##@.~~∩~~...#
...........#.Sr..~~~~~...#
....#####..#.#....~~~....#
....#...#....##........
#...#..P#...###........
....#.P.#.... ...######
...#####.........
.........#######
.........#


You could see a river rat (poisoned) and a ball python.

Vanquished Creatures
  An endoplasm (D:3)
  A hobgoblin (D:1)
  2 jackals
  A quokka (D:2)
  2 ball pythons (D:3)
7 creatures vanquished.

Notes
Turn   | Place    | Note
-------+----------+-------------------------------------------
     0 | D:1      | Anonymone the Demonspawn Venom Mage began the quest for the
                  | Orb.
     0 | D:1      | Reached XP level 1. HP: 13/13 MP: 3/3
    86 | D:2      | You fall into a shaft and drop 1 floor!
    97 | D:3      | Found a broken altar of Ashenzari.
   156 | D:3      | Found a glowing drain.
   162 | D:3      | Gained mutation: You regenerate a little health from kills.
                  | [demonic ancestry]
   162 | D:3      | Reached XP level 2. HP: 18/19 MP: 0/5
   194 | D:3      | Slain by a river rat

Illustrated notes

Levels and vault maps discovered:
D:1:      dpeg_arrival_tiny_k, layout_loops_ring, serial_park_tiny_2
D:2:      layout_loops_ring, serial_co_window_serial, co_window_paths_a,
          co_window_paths_a, co_window_corner_a, co_window_paths_b,
          co_window_corner_a, co_window_paths_a, co_window_cross_1,
          co_window_paths_a, co_window_paths_a, co_window_of_opportunity_c,
          co_window_corner_b, co_window_unsneaky_path_e, co_window_corner_cb,
          glass_columns_a, glass_columns_c, glass_columns_b, minivault_24,
          minmay_pentomino_u4
D:3:      layout_rooms, evilmike_ruin_ashenzari, portal_sewer_entry_a,
          serial_aquarium, aquarium_bridge_square [aquarium_subvault_window,
          aquarium_subvault_wall, aquarium_subvault_window,
          aquarium_subvault_bridge], aquarium_bridge_square
          [aquarium_subvault_bridge, aquarium_subvault_bridge,
          aquarium_subvault_window, aquarium_subvault_bridge],
          aquarium_window_fake, aquarium_window_fake, aquarium_window_1,
          aquarium_window_2, aquarium_view_2b, aquarium_balcony_1a,
          aquarium_pool_2

Action                     || total
---------------------------++-------
  Melee: Unarmed           ||    11
   Cast: Sting             ||    17
    Use: Potion            ||     1
 Armour: Robe              ||    26
  Dodge: Dodged            ||    29

Table legend: (Time is in decaauts)
 A = Elapsed time spent in this place.
 B = Non-inter-level travel time spent in this place.
 C = Inter-level travel time spent in this place.
 D = Time resting spent in this place.
 E = Time spent auto-exploring this place.
 F = Levels seen in this place.
 G = Mean time per level.
                   A        B        C        D        E       F      G
               +--------+--------+--------+--------+--------+-----+--------+
         Total |    193 |    193 |      0 |     53 |     24 |   3 |   64.3 |
       Dungeon |    193 |    193 |      0 |     53 |     24 |   3 |   64.3 |
               +--------+--------+--------+--------+--------+-----+--------+

Top non-repeatable levels by time:
     D:3: 107 daAuts
     D:2: 55 daAuts
     D:1: 30 daAuts
